 Dungeon Crawl Stone Soup version 0.23.2-1-ga50397a (webtiles) character file.

Game seed: 17321756043086071871

20 xveg the Chiller (level 2, -2/13 HPs)
             Began as a Vine Stalker Ice Elementalist on May 7, 2019.
             Slain by a troll (10 damage)
             ... on level 4 of the Dungeon.
             The game lasted 00:02:20 (1083 turns).

xveg the Chiller (Vine Stalker Ice Elementalist)    Turns: 1083, Time: 00:02:21

Health: -2/13      AC:  2    Str: 10    XL:     2   Next: 79%
Magic:  0/6        EV: 12    Int: 15    God:
Gold:   89         SH:  0    Dex: 14    Spells: 4/5 levels left

rFire    . . .     SeeInvis .   f - +0 hunting sling
rCold    + . .     Gourm    .   (no shield)
rNeg     . . .     Faith    .   a - +0 robe
rPois    .         Spirit   +   (no helmet)
rElec    .         Reflect  .   (no cloak)
rCorr    .         Harm     .   (no gloves)
MR       .....                  (no boots)
Stlth    ++........             (no amulet)
HPRegen  0.04/turn              j - ring of protection from cold
MPRegen  0.10/turn              (no ring)

@: no status effects
A: fangs 2, magic shield, antimagic bite, no potion heal 3, rot immunity
a: no special abilities


You were on level 4 of the Dungeon.
You were hungry.

You visited 1 branch of the dungeon, and saw 3 of its levels.

You collected 89 gold pieces.

Inventory:

Hand Weapons
 f - a +0 hunting sling (weapon)
Missiles
 e - 9 sling bullets (quivered)
Armour
 a - a +0 robe (worn)
Jewellery
 j - a ring of protection from cold (left hand)
Scrolls
 g - 2 scrolls of immolation {unknown}
 h - a scroll of remove curse {unknown}
 k - a scroll of identify {unknown}
 m - a scroll of amnesia {unknown}
Potions
 b - a potion of mutation {unknown}
 d - a potion of invisibility {unknown}
 i - a potion of curing {unknown}
 l - a potion of heal wounds {unknown}
Comestibles
 c - a ration


   Skills:
 + Level 1.6 Dodging
 + Level 2.5 Stealth
 + Level 0.2 Unarmed Combat
 + Level 2.4 Spellcasting
   Level 1.0 Conjurations
 + Level 3.6 Ice Magic


You had 4 spell levels left.
You knew the following spells:

 Your Spells              Type           Power        Failure   Level  Hunger
a - Freeze                Ice            ##..         4%          1    #......

Your spell library contained the following spells:

 Spells                   Type           Power        Failure   Level  Hunger
 Throw Frost              Conj/Ice       #.....       12%         2    ###....
 Ozocubu's Armour         Chrm/Ice       #.......     30%         3    ###....
 Throw Icicle             Conj/Ice       #.......     63%         4    #####..
 Summon Ice Beast         Ice/Summ       #.......     71%         4    #####..


Dungeon Overview and Level Annotations

Branches:
Dungeon (2/15)

Altars:


Innate Abilities, Weirdness & Mutations

You have extremely sharp teeth.
When hurt, damage is shared between your health and your magic reserves.
Your bite disrupts and absorbs the magic of your enemies.
Potions cannot restore your health.
You are immune to rotting.


Message History

The quokka zombie resists.
You freeze the quokka zombie.
The quokka zombie is lightly damaged.
The quokka zombie closely misses you. The quokka zombie bites you.
Found a stone staircase leading down.
You are feeling hungry.
Firing (i - inventory)
e - 11 sling bullets (quivered)
Press: ? - help, Shift-Dir - straight line, f - troll
Aim: a troll You shoot a sling bullet.
The sling bullet hits the troll.
The troll is lightly wounded.
Firing (i - inventory)
e - 10 sling bullets (quivered)
Press: ? - help, Shift-Dir - straight line, f/p - troll
Aim: a troll (lightly wounded)
You shoot a sling bullet.
The sling bullet hits the troll but does no damage.
The troll is lightly wounded.
The troll bites you. The troll claws you!
Ouch! That really hurt!
You die...

#.#.#####(# #..# .#
#.## .# #..# .#
#.## .# #(.# #.##
#..####.########...
#.........T@.......
#.###.#.#########..
#.#># . ... ##.#.#
#.... # ###


You could see a troll.

Vanquished Creatures
  A dart slug (D:1)
  A bat (D:1)
  2 giant cockroaches
  3 goblins
  4 hobgoblins (D:1)
  A frilled lizard (D:2)
  2 kobolds (D:1)
  2 rats
16 creatures vanquished.

Notes
Turn   | Place    | Note
-------+----------+-------------------------------------------
     0 | D:1      | xveg the Vine Stalker Ice Elementalist began the quest for
                  | the Orb.
     0 | D:1      | Reached XP level 1. HP: 9/9 MP: 4/4
   472 | D:1      | Reached XP level 2. HP: 13/13 MP: 6/6
  1046 | D:2      | You fall through a shaft for 2 floors!
  1055 | D:4      | Noticed a troll
  1083 | D:4      | Slain by a troll

Action                   || total
-------------------------++-------
Melee: Unarmed           ||     3
       Bite              ||     1
 Fire: Hunting sling     ||    25
 Cast: Freeze            ||    10
Armor: Robe              ||     2
Dodge: Dodged            ||     6
